| TOP OF THE 1ST |
|
Clinton LumberKings batting - Pitching for West Michigan Whitecaps : RHP Ramiro Silva
|
|
Pitching: RHP Ramiro Silva
|
|
|
Batting: SHB Tony Morales
|
0-0: Ball 1-0: Ball 2-0: Ball 3-0: Called Strike 3-1: Foul Ball, location: 2F 3-2: Foul Ball, location: 2F 3-2: Foul Ball, location: 2F 3-2: Foul Ball, location: 2F 3-2: Fly out, F8 (Flyball, 8RXD, EV 107.5 MPH)
|
|
Batting: RHB Nick Edmunds
|
0-0: Ground out 5-3 (Groundball, 56S, EV 85.0 MPH)
|
|
Batting: LHB Jason Hopkins
|
0-0: Called Strike 0-1: Foul Ball, location: 2F 0-2: Ball 1-2: Foul Ball, location: 2F 1-2: Foul Ball, location: 2F 1-2: Strikes out swinging
|
| Top of the 1st over - 0 runs, 0 hits, 0 errors, 0 left on base; Clinton 0 - West Michigan 0 |
| BOTTOM OF THE 1ST |
|
West Michigan Whitecaps batting - Pitching for Clinton LumberKings : RHP Chris Julien
|
|
Pitching: RHP Chris Julien
|
|
|
Batting: RHB Mike Sebastian
|
0-0: Ground out 5-3 (Groundball, 56, EV 91.9 MPH)
|
|
Batting: RHB Tony Nunez
|
0-0: Foul Ball, location: 2F 0-1: Ball 1-1: Called Strike 1-2: Ball 2-2: Ball 3-2: SINGLE (Groundball, 6, EV 96.2 MPH)
|
|
Batting: RHB Jon Goldstein
|
0-0: Foul Ball, location: 2F 0-1: Fly out, F7 (Flyball, 78M, EV 91.2 MPH)
|
|
Batting: SHB Willie Medina
|
0-0: Ball 1-0: Swinging Strike 1-1: Ball 2-1: Foul Ball, location: 2F 2-2: Ball 3-2: Strikes out looking
|
| Bottom of the 1st over - 0 runs, 1 hit, 0 errors, 1 left on base; Clinton 0 - West Michigan 0 |
| TOP OF THE 2ND |
|
Clinton LumberKings batting - Pitching for West Michigan Whitecaps : RHP Ramiro Silva
|
|
Batting: LHB Chang Huie
|
0-0: Called Strike 0-1: Ball 1-1: Ball 2-1: Reached on error, E3 (Groundball, 34S, EV 83.1 MPH)
|
|
Batting: RHB Jesus Santiago
|
0-0: Called Strike Chang Huie steals 2nd base 0-1: Ball 1-1: Foul Ball, location: 2F 1-2: Ball 2-2: Foul Ball, location: 2F 2-2: Ball 3-2: Base on Balls
|
|
Batting: LHB Kenny Gerrity
|
0-0: Ball 1-0: Ball 2-0: Ball 3-0: Called Strike 3-1: Base on Balls Chang Huie to third Jesus Santiago to second
|
|
Batting: RHB Justin Colella
|
0-0: DOUBLE (Line Drive, 3D, EV 96.9 MPH) Chang Huie scores Jesus Santiago scores Kenny Gerrity to third
|
|
Batting: SHB Garrett McKenna
|
0-0: Ground out U3 (Groundball, 34, EV 97.5 MPH) Kenny Gerrity scores Justin Colella to third
|
|
Batting: RHB Chris Van Niel
|
0-0: Called Strike 0-1: Ball 1-1: SINGLE (Line Drive, 8RS, EV 98.1 MPH) Justin Colella scores
|
|
Batting: SHB Tony Morales
|
0-0: Foul Ball, location: 2F 0-1: Ball 1-1: Ball 2-1: Foul Ball, location: 2F 2-2: Ball 3-2: Foul Ball, location: 2F 3-2: Base on Balls Chris Van Niel to second
|
|
Batting: RHB Nick Edmunds
|
0-0: Called Strike 0-1: Ball 1-1: Ball Wild Pitch! Chris Van Niel to third Tony Morales to second 2-1: Called Strike 2-2: Strikes out swinging
|
|
Batting: LHB Jason Hopkins
|
0-0: Fly out, F8 (Flyball, 89XD, EV 94.4 MPH)
|
| Top of the 2nd over - 4 runs, 2 hits, 1 error, 2 left on base; Clinton 4 - West Michigan 0 |
| BOTTOM OF THE 2ND |
|
West Michigan Whitecaps batting - Pitching for Clinton LumberKings : RHP Chris Julien
|
|
Batting: LHB Brad Gaskill
|
0-0: Foul Ball, location: 2F 0-1: Swinging Strike 0-2: Foul Ball, location: 2F 0-2: Strikes out looking
|
|
Batting: SHB Chris Wagler
|
0-0: Swinging Strike 0-1: Ball 1-1: Ground out 4-3 (Groundball, 4, EV 83.1 MPH)
|
|
Batting: RHB Jamie Villagrana
|
0-0: Ball 1-0: Ball 2-0: Ball 3-0: Called Strike 3-1: Foul Ball, location: 2F 3-2: Strikes out looking
|
| Bottom of the 2nd over - 0 runs, 0 hits, 0 errors, 0 left on base; Clinton 4 - West Michigan 0 |
| TOP OF THE 3RD |
|
Clinton LumberKings batting - Pitching for West Michigan Whitecaps : RHP Ramiro Silva
|
|
Batting: LHB Chang Huie
|
0-0: Ball 1-0: Called Strike 1-1: Foul Ball, location: 2F 1-2: Ball 2-2: Ball 3-2: Base on Balls
|
|
Batting: RHB Jesus Santiago
|
0-0: Called Strike 0-1: Ball 1-1: Grounds into double play, 4-6-3 (Groundball, 4, EV 88.1 MPH)
|
|
Batting: LHB Kenny Gerrity
|
0-0: Foul Ball, location: 2F 0-1: Called Strike 0-2: Ball 1-2: Ball 2-2: Ball 3-2: Base on Balls
|
|
Batting: RHB Justin Colella
|
0-0: Ground out 1-3 (Groundball, 15S, EV 69.4 MPH)
|
| Top of the 3rd over - 0 runs, 0 hits, 0 errors, 1 left on base; Clinton 4 - West Michigan 0 |
| BOTTOM OF THE 3RD |
|
West Michigan Whitecaps batting - Pitching for Clinton LumberKings : RHP Chris Julien
|
|
Batting: LHB Steve Herrera
|
0-0: Ball 1-0: Called Strike 1-1: Ground out 4-3 (Groundball, 4S, EV 63.1 MPH)
|
|
Batting: RHB Ernst Meloche
|
0-0: Called Strike 0-1: Ball 1-1: Foul Ball, location: 2F 1-2: Ball 2-2: Fly out, F9 (Flyball, 9D, EV 96.2 MPH)
|
|
Batting: RHB Mike Sebastian
|
0-0: Ball 1-0: Ball 2-0: Swinging Strike 2-1: Foul Ball, location: 2F 2-2: Strikes out swinging
|
| Bottom of the 3rd over - 0 runs, 0 hits, 0 errors, 0 left on base; Clinton 4 - West Michigan 0 |
| TOP OF THE 4TH |
|
Clinton LumberKings batting - Pitching for West Michigan Whitecaps : RHP Ramiro Silva
|
|
Pitching: LHP Chris Thomas
|
|
|
Batting: SHB Garrett McKenna
|
0-0: Ball 1-0: Foul Ball, location: 2F 1-1: Foul Ball, location: 2F 1-2: Strikes out swinging
|
|
Batting: RHB Chris Van Niel
|
0-0: Ball 1-0: Swinging Strike 1-1: Ball 2-1: Called Strike 2-2: Strikes out swinging
|
|
Batting: SHB Tony Morales
|
0-0: Ball 1-0: Called Strike 1-1: Swinging Strike 1-2: Strikes out swinging
|
| Top of the 4th over - 0 runs, 0 hits, 0 errors, 0 left on base; Clinton 4 - West Michigan 0 |
| BOTTOM OF THE 4TH |
|
West Michigan Whitecaps batting - Pitching for Clinton LumberKings : RHP Chris Julien
|
|
Batting: RHB Tony Nunez
|
0-0: SINGLE (Groundball, 56D, EV 108.1 MPH)
|
|
Batting: RHB Jon Goldstein
|
0-0: Ball 1-0: Called Strike 1-1: Ball Wild Pitch! Tony Nunez to second 2-1: Ball 3-1: Base on Balls
|
|
Batting: SHB Willie Medina
|
0-0: Fly out, F9 (Flyball, 9, EV 82.5 MPH)
|
|
Batting: LHB Brad Gaskill
|
0-0: Ball 1-0: Foul Ball, location: 2F 1-1: Called Strike 1-2: Hit by Pitch Tony Nunez to third Jon Goldstein to second
|
|
Batting: SHB Chris Wagler
|
0-0: Foul Ball, location: 2F 0-1: Ball 1-1: Ball 2-1: Called Strike 2-2: Strikes out swinging
|
|
Batting: RHB Jamie Villagrana
|
0-0: Fielders Choice at 2nd, 5-4 (Groundball, 56, EV 95.0 MPH)
|
| Bottom of the 4th over - 0 runs, 1 hit, 0 errors, 3 left on base; Clinton 4 - West Michigan 0 |
| TOP OF THE 5TH |
|
Clinton LumberKings batting - Pitching for West Michigan Whitecaps : LHP Chris Thomas
|
|
Batting: RHB Nick Edmunds
|
0-0: Ball 1-0: Called Strike 1-1: Ground out 6-3 (Groundball, 56, EV 98.1 MPH)
|
|
Batting: LHB Jason Hopkins
|
0-0: Ball 1-0: Ball 2-0: Ball 3-0: SINGLE (Groundball, 4, EV 105.0 MPH)
|
|
Batting: LHB Chang Huie
|
0-0: Called Strike 0-1: Swinging Strike 0-2: Strikes out swinging
|
|
Batting: RHB Jesus Santiago
|
0-0: Fielders Choice at 2nd, 5-4 (Groundball, 56, EV 78.8 MPH)
|
| Top of the 5th over - 0 runs, 1 hit, 0 errors, 1 left on base; Clinton 4 - West Michigan 0 |
| BOTTOM OF THE 5TH |
|
West Michigan Whitecaps batting - Pitching for Clinton LumberKings : RHP Chris Julien
|
|
Batting: LHB Steve Herrera
|
0-0: Ball 1-0: DOUBLE (Line Drive, 78M, EV 88.1 MPH)
|
|
Batting: RHB Ernst Meloche
|
0-0: Called Strike 0-1: SINGLE (Groundball, 6S, EV 69.4 MPH) (infield hit) Steve Herrera to third
|
|
Batting: RHB Mike Sebastian
|
0-0: Called Strike 0-1: Ball 1-1: Called Strike 1-2: Strikes out swinging
|
|
Batting: RHB Tony Nunez
|
0-0: Ball 1-0: Called Strike 1-1: Foul Ball, location: 2F 1-2: Strikes out looking Ernst Meloche is caught stealing 2nd base 2-4 Batter strikes out.
|
| Bottom of the 5th over - 0 runs, 2 hits, 0 errors, 1 left on base; Clinton 4 - West Michigan 0 |
| TOP OF THE 6TH |
|
Clinton LumberKings batting - Pitching for West Michigan Whitecaps : LHP Chris Thomas
|
|
Batting: LHB Kenny Gerrity
|
0-0: Foul Ball, location: 2F 0-1: Fly out, F8 (Flyball, 8LD, EV 101.2 MPH)
|
|
Batting: RHB Justin Colella
|
0-0: Ball 1-0: Foul Ball, location: 2F 1-1: Ball 2-1: Ball 3-1: Called Strike 3-2: Base on Balls
|
|
Batting: SHB Garrett McKenna
|
0-0: Ball 1-0: Called Strike 1-1: Swinging Strike 1-2: Strikes out looking
|
|
Batting: RHB Chris Van Niel
|
0-0: Fielders Choice at 2nd, 6-4 (Groundball, 6, EV 92.5 MPH)
|
| Top of the 6th over - 0 runs, 0 hits, 0 errors, 1 left on base; Clinton 4 - West Michigan 0 |
| BOTTOM OF THE 6TH |
|
West Michigan Whitecaps batting - Pitching for Clinton LumberKings : RHP Chris Julien
|
|
Batting: RHB Jon Goldstein
|
0-0: Called Strike 0-1: Called Strike 0-2: Ball 1-2: Strikes out looking
|
|
Batting: SHB Willie Medina
|
0-0: Called Strike 0-1: Ball 1-1: Foul Ball, location: 2F 1-2: Strikes out swinging
|
|
Batting: LHB Brad Gaskill
|
0-0: Foul Ball, location: 2F 0-1: Foul Ball, location: 2F 0-2: Strikes out looking
|
| Bottom of the 6th over - 0 runs, 0 hits, 0 errors, 0 left on base; Clinton 4 - West Michigan 0 |
| TOP OF THE 7TH |
|
Clinton LumberKings batting - Pitching for West Michigan Whitecaps : LHP Chris Thomas
|
|
Pitching: RHP Jerome Stady
|
|
|
Batting: SHB Tony Morales
|
0-0: Called Strike 0-1: Fly out, F7 (Flyball, 7LM, EV 89.4 MPH)
|
|
Batting: RHB Nick Edmunds
|
0-0: Foul Ball, location: 2F 0-1: Ball 1-1: Ground out 5-3 (Groundball, 56S, EV 83.8 MPH)
|
|
Batting: LHB Jason Hopkins
|
0-0: Fly out, F8 (Flyball, 8LM, EV 76.2 MPH)
|
| Top of the 7th over - 0 runs, 0 hits, 0 errors, 0 left on base; Clinton 4 - West Michigan 0 |
| BOTTOM OF THE 7TH |
|
West Michigan Whitecaps batting - Pitching for Clinton LumberKings : RHP Chris Julien
|
|
Pitching: LHP Ben Burton
|
|
|
Batting: SHB Chris Wagler
|
0-0: Fly out, F7 (Flyball, 78M, EV 90.0 MPH)
|
|
Batting: RHB Jamie Villagrana
|
0-0: Foul Ball, location: 2F 0-1: Ball 1-1: Foul Ball, location: 2F 1-2: Strikes out swinging
|
|
Batting: LHB Steve Herrera
|
0-0: Swinging Strike 0-1: Foul Ball, location: 2F 0-2: Ball 1-2: Strikes out swinging
|
| Bottom of the 7th over - 0 runs, 0 hits, 0 errors, 0 left on base; Clinton 4 - West Michigan 0 |
| TOP OF THE 8TH |
|
Clinton LumberKings batting - Pitching for West Michigan Whitecaps : RHP Jerome Stady
|
|
Batting: LHB Chang Huie
|
0-0: DOUBLE (Line Drive, 9LM, EV 101.2 MPH)
|
|
Batting: RHB Jesus Santiago
|
0-0: Swinging Strike 0-1: Fly out, F7 (Flyball, 7LSF, EV 91.2 MPH)
|
|
Batting: LHB Kenny Gerrity
|
0-0: Fly out, F9 (Flyball, 9D, EV 79.4 MPH) Runner from 2nd tags up, SAFE at 3rd, no throw by RF
|
|
Batting: RHB Justin Colella
|
0-0: Swinging Strike 0-1: Ball 1-1: Foul Ball, location: 2F 1-2: Strikes out swinging
|
| Top of the 8th over - 0 runs, 1 hit, 0 errors, 1 left on base; Clinton 4 - West Michigan 0 |
| BOTTOM OF THE 8TH |
|
West Michigan Whitecaps batting - Pitching for Clinton LumberKings : LHP Ben Burton
|
|
Batting: RHB Ernst Meloche
|
0-0: Called Strike 0-1: Called Strike 0-2: Strikes out looking
|
|
Batting: RHB Mike Sebastian
|
0-0: Ball 1-0: Ball 2-0: Fly out, F9 (Flyball, 9D, EV 106.2 MPH)
|
|
Batting: RHB Tony Nunez
|
0-0: Ball 1-0: Ball 2-0: Ball 3-0: Called Strike 3-1: Foul Ball, location: 2F 3-2: Ground out 6-3 (Groundball, 6, EV 106.9 MPH)
|
| Bottom of the 8th over - 0 runs, 0 hits, 0 errors, 0 left on base; Clinton 4 - West Michigan 0 |
| TOP OF THE 9TH |
|
Clinton LumberKings batting - Pitching for West Michigan Whitecaps : RHP Jerome Stady
|
|
Pitching: LHP George Moran
|
|
|
Batting: SHB Garrett McKenna
|
0-0: Ball 1-0: Ball 2-0: Ground out 1-3 (Groundball, 13S, EV 68.1 MPH)
|
|
Batting: RHB Chris Van Niel
|
0-0: Ball 1-0: Foul Ball, location: 2F 1-1: Ball 2-1: Foul Ball, location: 2F 2-2: Foul Ball, location: 2F 2-2: DOUBLE (Groundball, 5L, EV 108.8 MPH)
|
|
Batting: SHB Tony Morales
|
0-0: Called Strike 0-1: Called Strike 0-2: Strikes out looking
|
|
Batting: RHB Nick Edmunds
|
0-0: Hit by Pitch
|
|
Batting: LHB Jason Hopkins
|
0-0: Ball Wild Pitch! Chris Van Niel to third Nick Edmunds to second 1-0: Ball 2-0: Ball 3-0: Called Strike 3-1: Ground out 5-3 (Groundball, 15, EV 87.5 MPH)
|
| Top of the 9th over - 0 runs, 1 hit, 0 errors, 2 left on base; Clinton 4 - West Michigan 0 |
| BOTTOM OF THE 9TH |
|
West Michigan Whitecaps batting - Pitching for Clinton LumberKings : LHP Ben Burton
|
|
Pitching: LHP Adam Parrish
|
|
|
Batting: RHB Jon Goldstein
|
0-0: Ball 1-0: Swinging Strike 1-1: Ball 2-1: Ball 3-1: Foul Ball, location: 2F 3-2: Base on Balls
|
|
Batting: SHB Willie Medina
|
0-0: Called Strike 0-1: Foul Ball, location: 2F 0-2: Strikes out looking
|
|
Batting: RHB Joe Zimmerman
|
0-0: Called Strike 0-1: Swinging Strike 0-2: Ball 1-2: Strikes out swinging
|
|
Batting: SHB Chris Wagler
|
0-0: Called Strike 0-1: Ball 1-1: Ball 2-1: SINGLE (Groundball, 4MD, EV 102.5 MPH) Jon Goldstein to second
|
|
Batting: RHB Jamie Villagrana
|
0-0: Foul Ball, location: 2F 0-1: Ball 1-1: Foul Ball, location: 2F 1-2: Ball 2-2: Ball 3-2: Strikes out swinging
|
| Bottom of the 9th over - 0 runs, 1 hit, 0 errors, 2 left on base; Clinton 4 - West Michigan 0 |
|